 Dungeon Crawl Stone Soup version 0.30-a0-576-g89cddaab80 (webtiles) character file.

Game seed: 10049376714514543670

329 porpoise the Shooter (level 6, -4/48 HPs)
             Began as a Human Hunter on Dec 31, 2022.
             Blown up by Ijyb (16 damage)
             ... with a mindburst bolt
             ... on level 3 of the Dungeon.
             The game lasted 00:05:27 (2323 turns).

porpoise the Shooter (Human Hunter)                 Turns: 2323, Time: 00:05:28

Health: -4/48      AC:  3    Str: 11    XL:     6   Next: 80%
Magic:  6/6        EV: 12    Int: 10    God:
Gold:   115        SH:  0    Dex: 18    Spells: 5/5 levels left

rFire   . . .      SeeInvis .    a - +0 shortbow
rCold   . . .      Faith    .    (shield currently unavailable)
rNeg    . . .      Spirit   .    c - +0 leather armour
rPois   .          Reflect  .    (no helmet)
rElec   .          Harm     .    (no cloak)
rCorr   .          Rampage  .    (no gloves)
Will    .....                    (no boots)
Stlth   ++                       p - amulet of the acrobat
HPRegen 0.28/turn                (no ring)
MPRegen 0.10/turn                (no ring)

@: no status effects
A: no striking features
a: no special abilities


You were on level 3 of the Dungeon.
You visited 1 branch of the dungeon, and saw 3 of its levels.

You collected 115 gold pieces.

Inventory:

Hand Weapons
 a - a +0 shortbow (weapon)
 b - a +0 short sword
Armour
 c - a +0 leather armour (worn)
Jewellery
 p - an amulet of the acrobat (around neck)
Scrolls
 d - 5 scrolls of immolation
 f - a scroll of vulnerability {unknown}
 g - a scroll of identify
 h - a scroll of fog {unknown}
 j - a scroll of torment {unknown}
 l - a scroll of enchant weapon {unknown}
Potions
 e - 3 potions of mutation
 i - 3 potions of attraction {unknown}
 k - a potion of brilliance {unknown}
 m - 3 potions of berserk rage {unknown}
 n - a potion of lignification {unknown}
 o - a potion of curing {unknown}


   Skills:
 + Level 4.1 Fighting
 * Level 6.6 Ranged Weapons
 - Level 2.0 Dodging
 - Level 1.0 Stealth


You had 5 spell levels left.
You didn't know any spells.
Your spell library contained the following spells:

 Spells                   Type           Power      Damage    Failure   Level
 Portal Projectile        Hex/Tloc       0%         N/A       83%         3
 Tukima's Dance           Hex            0%         N/A       83%         3
 Blade Hands              Tmut           0%         N/A       100%        5


Dungeon Overview and Level Annotations

Branches:
Dungeon (3/15)

Altars:

Annotations:
D:3 1 transporter, Ijyb


Message History

You hear a shout!
A ball python comes into view.
Found 8 stones.
The ball python moves out of view.
You see here a scroll of immolation.
d - 5 scrolls of immolation (gained 1) No reachable target in view!
Found a robe.
Ijyb the Twisted Goblin comes into view.
She is wielding a +0 club and carrying a wand of mindburst (6).
You shoot an arrow. The arrow hits Ijyb but does no damage.
Ijyb shouts!
You hear an angry hiss.
You shoot an arrow. The arrow hits Ijyb but does no damage.
Ijyb zaps a wand.
Your mind is blasted!
You hear a bark!
You hear an angry hiss.
You shoot an arrow. The arrow hits Ijyb but does no damage.
You hear a bark!
You shoot an arrow. The arrow hits Ijyb but does no damage.
Ijyb hits you but does no damage.
A jackal comes into view.
You shoot an arrow. The arrow hits Ijyb but does no damage.
You hear an angry hiss.
Ijyb barely misses you. The jackal barely misses you.
You shoot an arrow. The arrow hits Ijyb.
Ijyb is lightly wounded.
Ijyb zaps a wand.
Your mind is blasted!
The jackal bites you. Ijyb hits you with a +0 club.
The jackal closely misses you.
You shoot an arrow. The arrow completely misses Ijyb.
The jackal misses you. Ijyb closely misses you.
A jackal comes into view.
The jackal attacks as you move away! The jackal bites you.
Ijyb zaps a wand.
Your mind is blasted!
* * * LOW HITPOINT WARNING * * *
The jackal bites you but does no damage.
You aren't carrying any items that you can evoke.
Unknown command.
As you read the scroll labelled VOKENA LIUSTARI, it crumbles to dust.
It is a scroll of identify.
e - 3 potions of mutation The jackal bites you but does no damage.
Ijyb zaps a wand.
Your mind is blasted!
You die...

#....####+####....#
#....#P../..P#....# #
#....#8P.©.P8#....##
...#....#########.....)
[...........©........##
..#.#..#.#..(.........
.......................
...######.##...........
. #@hS.h..#####.....
#g##.##.# #.<...
...##.##.# #...#.
##..##.##.# #....P
#..##.##.# #.....
#..##.##.# #...P~
#...... .... ..


You could see Ijyb, 2 jackals and a ball python.

Vanquished Creatures
  Sigmund (D:2)
  A scorpion (D:3)
  2 adders (D:2)
  3 gnolls (D:2)
  4 worms (D:2)
  2 dart slugs (D:1)
  5 orcs (D:3)
  5 ball pythons
  7 bats
  An endoplasm (D:1)
  A giant cockroach (D:1)
  5 goblins
  3 hobgoblins (D:1)
  2 kobolds
  5 quokkas
  5 frilled lizards
  8 rats
60 creatures vanquished.

Notes
Turn   | Place    | Note
-------+----------+-------------------------------------------
     0 | D:1      | porpoise the Human Hunter began the quest for the Orb.
     0 | D:1      | Reached XP level 1. HP: 16/16 MP: 1/1
    64 | D:1      | Reached XP level 2. HP: 16/22 MP: 2/2
   252 | D:1      | Reached XP level 3. HP: 28/28 MP: 3/3
  1062 | D:2      | Reached skill level 5 in Ranged Weapons
  1062 | D:2      | Reached XP level 4. HP: 34/34 MP: 4/4
  1676 | D:2      | Reached XP level 5. HP: 41/41 MP: 5/5
  1695 | D:2      | Noticed Sigmund
  1709 | D:2      | Killed Sigmund
  1710 | D:2      | Reached skill level 6 in Ranged Weapons
  1710 | D:2      | Reached XP level 6. HP: 25/48 MP: 6/6
  2159 | D:3      | Found a transporter.
  2314 | D:3      | Noticed Ijyb
  2323 | D:3      | Blown up by Ijyb

Illustrated notes

Levels and vault maps discovered:
D:1:      dpeg_arrival_subterranean_lakeside_camping, layout_basic
D:2:      layout_basic, uniq_sigmund
D:3:      gammafunk_wand_slinger, layout_loops_cross, serial_bayou_pond_b,
          chequers_jeans, uniq_ijyb

Skill      XL: |  1  2  3  4  5  6 |
---------------+-------------------+-----
Ranged Weapons | 5 6 |  6.6
Fighting       | 3 4 |  4.1
Dodging        | |  2.0
Stealth        | |  1.0

Action                   |  1- 3 |  4- 6 || total
-------------------------+-------+-------++-------
 Fire: Shortbow          |    82 |   112 ||   194
  Use: Scroll            |       |     1 ||     1
Armor: Leather armour    |     2 |    13 ||    15
Dodge: Dodged            |    18 |    47 ||    65

Table legend: (Time is in decaauts)
 A = Elapsed time spent in this place.
 B = Non-inter-level travel time spent in this place.
 C = Inter-level travel time spent in this place.
 D = Time resting spent in this place.
 E = Time spent auto-exploring this place.
 F = Levels seen in this place.
 G = Mean time per level.
                   A        B        C        D        E       F      G
               +--------+--------+--------+--------+--------+-----+--------+
         Total |   2378 |   2364 |     14 |    378 |   1554 |   3 |  792.7 |
       Dungeon |   2378 |   2364 |     14 |    378 |   1554 |   3 |  792.7 |
               +--------+--------+--------+--------+--------+-----+--------+

Top non-repeatable levels by time:
     D:2: 1071 daAuts
     D:1: 933 daAuts
     D:3: 374 daAuts
